 Dungeon Crawl Stone Soup version 0.29.1-12-g30fa7ad0bf (webtiles) character file.

Game seed: 10005515281815100238

362 growler the Stinger (level 6, -5/41 HPs)
             Began as a Demonspawn Wanderer on Jan 8, 2023.
             Was an Initiate of Vehumet.
             Killed from afar by an orc wizard (11 damage)
             ... with a puff of flame
             ... on level 4 of the Dungeon.
             The game lasted 00:12:40 (4137 turns).

growler the Stinger (Demonspawn Wanderer)           Turns: 4137, Time: 00:12:41

Health: -5/41      AC:  5    Str: 11    XL:     6   Next: 39%
Magic:  1/12       EV: 11    Int: 15    God:    Vehumet [......]
Gold:   123        SH:  0    Dex: 14    Spells: 10/13 levels left

rFire   . . .      SeeInvis .   a - +0 dagger
rCold   . . .      Faith    .   (no shield)
rNeg    . . .      Spirit   .   c - +0 robe
rPois   .          Reflect  .   d - +0 helmet
rElec   .          Harm     .   (no cloak)
rCorr   .          Rampage  .   (no gloves)
Will    .....                   (no boots)
Stlth   ++........              (no amulet)
HPRegen 0.13/turn               (no ring)
MPRegen 0.26/turn               (no ring)

@: no status effects
A: thin metallic scales 1, magic regeneration, weakness stinger 1
a: Renounce Religion


You were on level 4 of the Dungeon.
You worshipped Vehumet.
Vehumet was noncommittal.
You visited 1 branch of the dungeon, and saw 4 of its levels.

You collected 123 gold pieces.

Inventory:

Hand Weapons
 a - a +0 dagger (weapon)
Missiles
 g - 5 poisoned darts (quivered)
Armour
 c - a +0 robe (worn)
 d - a +0 helmet (worn)
Jewellery
 j - a ring of ice
Wands
 r - a wand of roots (7)
Scrolls
 b - a scroll of fog
 e - 2 scrolls of identify {unknown}
 h - 4 scrolls of teleportation {unknown}
 k - a scroll of fear {unknown}
 n - 2 scrolls of vulnerability {unknown}
 o - 5 scrolls of enchant armour {unknown}
Potions
 f - 3 potions of attraction {unknown}
 i - a potion of heal wounds {unknown}
 l - a potion of curing {unknown}
 m - a potion of cancellation {unknown}
 p - a potion of might {unknown}
 q - a potion of degeneration {unknown}
 s - a potion of flight {unknown}


   Skills:
 - Level 1.0 Armour
 - Level 1.7 Stealth
 + Level 4.4 Spellcasting
 + Level 1.5 Transmutations
 - Level 1.7 Earth Magic
 - Level 5.0 Poison Magic
 - Level 1.2 Invocations


You had 10 spell levels left.
You knew the following spells:

 Your Spells              Type           Power      Damage    Failure   Level
a - Sting                 Tmut/Pois      52%        1d5       4%          1
b - Poisonous Vapours     Pois/Air       20%        N/A       10%         2

Your spell library contained the following spells:

 Spells                   Type           Power      Damage    Failure   Level
 Sandblast                Erth           16%        2d6       9%          1
 Passwall                 Tmut/Erth      6%         N/A       14%         2
 Ignite Poison            Fire/Tmut/Pois 9%         N/A       22%         3
 Stone Arrow              Conj/Erth      10%        3d7       36%         3


Dungeon Overview and Level Annotations

Branches:
Dungeon (4/15)
 Temple: D:4-7

Altars:
Dithmenos
Vehumet


Innate Abilities, Weirdness & Mutations

You are partially covered in thin metallic scales. (AC +2)
You regenerate magic rapidly.
You have a small tail.


Message History

Press: ? - help, Dir - move target Poisonous vapours surround something!
Casting: Poisonous Vapours (safe; 10% risk of failure)
Confirm with . or Enter, or press ? or * to list all spells.
Aiming: Poisonous Vapours (safe; 10% risk of failure)
Press: ? - help, Dir - move target You miscast Poisonous Vapours.
You are very lightly contaminated with residual magic.
Nothing appears to happen.
Casting: Poisonous Vapours (safe; 10% risk of failure)
Confirm with . or Enter, or press ? or * to list all spells.
Aiming: Poisonous Vapours (safe; 10% risk of failure)
Press: ? - help, Dir - move target Poisonous vapours surround something!
Something hits you but does no damage.
Casting: Poisonous Vapours (safe; 10% risk of failure)
Confirm with . or Enter, or press ? or * to list all spells.
Aiming: Poisonous Vapours (safe; 10% risk of failure)
Press: ? - help, Dir - move target Poisonous vapours surround something!
Something barely misses you.
Unknown command.
You hit something but do no damage.
Your tail-slap misses something.
Something hits you but does no damage.
You hit something. Something hits you but does no damage.
You miss something.
Your tail-slap misses something.
Something hits you but does no damage.
You closely miss something. Something barely misses you.
Your magical contamination has completely faded away.
You miss something. Something hits you but does no damage.
Casting: Poisonous Vapours (safe; 10% risk of failure)
Confirm with . or Enter, or press ? or * to list all spells.
Aiming: Poisonous Vapours (safe; 10% risk of failure)
Press: ? - help, Dir - move target Poisonous vapours surround something!
Something hits you.
* * * LOW HITPOINT WARNING * * *
Unknown command.
You barely miss something.
You hear some strange, mumbled words.
A puff of flame appears from out of thin air!
The puff of flame hits you!
You die...

## ##.##)#####
######.....# .###..##.#
###........###
.....##..###
#####...#####.##
...........####).)..###
#..#
..####.###.#...)#####
##.### ####...#
#...#### #...# #
#..#####...### ###.#
###.#####......#### #.#
##........####.{@.##
#.# #.>...)####
####..####### #.#
#....#.# ##.......##
#.# ....##.#
#######..## #.#
##.###.# ##..###.#
#.##..# ##..##.#
##.##.####### ##.##.##
.............
.####..#..#
......#######
#.....#.##.#


There were no monsters in sight!

Vanquished Creatures
  Sigmund (D:3)
  A scorpion (D:4)
  A hound (D:3)
  An orc priest (D:4)
  3 adders
  2 worms
  A dart slug (D:3)
  6 orcs
  4 ball pythons
  5 bats (D:1)
  2 endoplasms
  3 giant cockroaches
  4 goblins
  5 hobgoblins
  3 jackals (D:4)
  A quokka (D:1)
  2 frilled lizards (D:1)
  6 kobolds
  2 rats
53 creatures vanquished.

Notes
Turn   | Place    | Note
-------+----------+-------------------------------------------
     0 | D:1      | growler the Demonspawn Wanderer began the quest for the
                  | Orb.
     0 | D:1      | growler set off with the following items: a +0 dagger, a
                  | scroll of fog, a +0 robe, a +0 helmet; and the following
                  | spells available to memorise: Sandblast, Sting, Poisonous
                  | Vapours, Ignite Poison, Stone Arrow.
     0 | D:1      | Reached XP level 1. HP: 13/13 MP: 2/2
   450 | D:1      | Gained mutation: You are partially covered in thin metallic
                  | scales. (AC +2) [demonic ancestry]
   450 | D:1      | Reached XP level 2. HP: 14/19 MP: 2/4
  1486 | D:2      | Learned a level 1 spell: Sting
  1489 | D:2      | Learned a level 2 spell: Poisonous Vapours
  1779 | D:2      | Reached XP level 3. HP: 16/24 MP: 2/6
  2049 | D:2      | Found a faded altar of an unknown god.
  2660 | D:3      | Reached skill level 4 in Poison Magic
  2902 | D:3      | Found a radiant altar of Vehumet.
  2902 | D:3      | Found a shadowy altar of Dithmenos.
  2904 | D:3      | Gained mutation: You regenerate magic rapidly. [demonic
                  | ancestry]
  2904 | D:3      | Reached XP level 4. HP: 30/30 MP: 5/7
  3276 | D:3      | Became a worshipper of Vehumet
  3388 | D:3      | Noticed Sigmund
  3396 | D:3      | Killed Sigmund
  3397 | D:3      | Reached skill level 5 in Poison Magic
  3397 | D:3      | Reached XP level 5. HP: 21/35 MP: 3/11
  3678 | D:4      | Identified the +6 hand axe of the Vendetta {flame, *Slow
                  | +Blink rElec rPois Str+2}
  3896 | D:4      | Gained mutation: You have a small tail. [demonic ancestry]
  3896 | D:4      | Reached XP level 6. HP: 40/41 MP: 10/12
  3911 | D:4      | Reached skill level 1 in Transmutations
  4137 | D:4      | Killed from afar by an orc wizard

Illustrated notes

Levels and vault maps discovered:
D:1:      dpeg_arrival_arbitrary_b, layout_basic, grunt_decor_mini_mirrors
D:2:      layout_loops_ring, hellmonk_ecumenical_altar_leap_of_faith
D:3:      layout_loops_cross, gammafunk_temple_overflow_statue, uniq_sigmund
D:4:      layout_rooms, gammafunk_ghost_smash, lightli_minifort

Skill      XL: |  1  2  3  4  5  6 |
---------------+-------------------+-----
Spellcasting   | 2 4 |  4.4
Poison Magic   | 4 5 |  5.0
Transmutations | 1 |  1.5
Armour         | |  1.0
Stealth        | |  1.7
Earth Magic    | |  1.7
Invocations    | |  1.2

Action                   |  1- 3 |  4- 6 || total
-------------------------+-------+-------++-------
Melee: Dagger            |   124 |    66 ||   190
       Punch             |     1 |     1 ||     2
 Cast: Sting             |    22 |    20 ||    42
       Poisonous Vapours |     5 |    16 ||    21
 Stab: Sleeping          |     3 |     1 ||     4
Armor: Robe              |    68 |    31 ||    99
Dodge: Dodged            |    97 |    43 ||   140
